 Dungeon Sprint DCSS version 0.24-a0-246-gb963c9a (webtiles) character file.

Game seed: 11400366165354756962

28 MikeHunt the Conjurer (level 3, 0/19 HPs)
             Began as a Tengu Conjurer on Apr 12, 2019.
             Slain by a water elemental (12 damage)
             ... in the Dungeon (Sprint III: "The Ten Rune Challenge").
             The game lasted 00:03:10 (417 turns).

MikeHunt the Conjurer (Tengu Conjurer)               Turns: 417, Time: 00:03:10

Health: 0/19       AC:  5    Str:  8    XL:     3   Next: 14%
Magic:  6/10       EV: 12    Int: 16    God:
Gold:   24         SH:  0    Dex: 14    Spells: 8/11 levels left

rFire    . . .     SeeInvis .   (no weapon)
rCold    . . .     Gourm    .   (no shield)
rNeg     . . .     Faith    .   a - +0 robe
rPois    .         Spirit   .   (helmet restricted)
rElec    .         Reflect  .   (no cloak)
rCorr    .         Harm     .   (no gloves)
MR       .....     NoTele   +   (boots unavailable)
Stlth    ++........             (no amulet)
HPRegen  0.06/turn              (no ring)
MPRegen  0.12/turn              (no ring)

@: engulfed (cannot breathe)
A: beak, talons 3, molten scales 2, blink
a: Blink


You were in the Dungeon.
You were not hungry.

You visited 1 branch You collected 24 gold pieces.

Inventory:

Missiles
 b - 11 poisoned needles
Armour
 a - a +0 robe (worn)
Scrolls
 i - a scroll of blinking
 k - 5 scrolls of identify {unknown}
 m - a scroll of torment {unknown}
 n - a scroll of remove curse {unknown}
 p - a scroll of immolation {unknown}
Potions
 d - 2 potions of curing
 e - a potion of heal wounds
 f - a potion of haste
 g - 2 potions of magic
 h - a potion of berserk rage
 l - a potion of mutation
 o - 4 potions of flight
Comestibles
 c - 3 rations
 j - 2 chunks of flesh {@w1}


   Skills:
 - Level 2.1 Dodging
 - Level 2.0 Stealth
 + Level 4.9 Spellcasting
 + Level 6.9 Conjurations


You had 8 spell levels left.
You knew the following spells:

 Your Spells              Type           Power        Failure   Level  Hunger
e - Magic Dart            Conj           ####         1%          1    None
r - Searing Ray           Conj           ####..       1%          2    ##.....

Your spell library contained the following spells:

 Spells                   Type           Power        Failure   Level  Hunger
 Iskenderun's Mystic Bla  Conj           ####....     9%          4    ####...
 Dazzling Spray           Conj/Hex       ###...       11%         3    ###....
 Force Lance              Conj/Tloc      ###.....     36%         4    ####...
 Fulminant Prism          Conj/Hex       ###.......   36%         4    ####...


Dungeon Overview and Level Annotations

Branches:
Dungeon (1/1)

Altars:


Innate Abilities, Weirdness & Mutations

You have a beak for a mouth.
You have claws for feet.
You are mostly covered in molten scales. (AC +3)
You can translocate small distances at will.


Message History

Aim: a water elemental
Okay, then.
Unknown command.
Casting: Searing Ray (safe; 1% risk of failure)
Confirm with . or Enter, or press ? or * to list all spells.
Aiming: Searing Ray (safe; 1% risk of failure)
Press: ? - help, Shift-Dir - straight line, f - water elemental
Aim: a water elemental The searing ray misses the water elemental. (Press . to maintain the ray.)
The searing ray hits the water elemental.
The water elemental is moderately damaged.
The water elemental hits you.
The water elemental engulfs you in water!
The searing ray hits the water elemental!
The water elemental is severely damaged.
Your lungs strain for air!
The water elemental hits you!
Ouch! That really hurt!
You die...

▓▓▓▓▓▓▓▓▓▓▓▓ ▓▓▓
▓<.#..'....♣ ♣.#
▓..#..#....♣♣♣ ♣.#
▓#'####......♣ ♣.#
▓.....#....≈.♣♣♣♣.###+#+#
▓.....#...≈≈♣..♣..#......
▓.....#..≈≈≈≈..♣♣.'.⌠....
▓####'#..≈≈≈≈≈≈@E.#
▓..÷..#.≈≈≈≈≈≈....#
▓...÷.#.≈≈≈≈≈.....#
▓.....#.≈≈≈.......#
▓'#####...........#
▓.................#
▓▓▓▓▓▓▓▓▓▓▓▓▓▓▓▓▓▓▓


You could see a water elemental.

Vanquished Creatures
  A human (D)
  An ooze (D)
  A phantom (D)
  3 rats (D)
6 creatures vanquished.

Vanquished Creatures (others)
  2 draconian scorchers (D)
  6 hellions (D)
  2 yaktaurs (D)
10 creatures vanquished.

Grand Total: 16 creatures vanquished

Notes
Turn   | Place    | Note
-------+----------+-------------------------------------------
     0 | D        | MikeHunt the Tengu Conjurer began the quest for the Orb.
     0 | D        | Reached XP level 1. HP: 10/10 MP: 4/4
   119 | D        | Killed a hellion
   129 | D        | Killed a hellion
   133 | D        | Killed a hellion
   156 | D        | Killed a hellion
   179 | D        | Killed a hellion
   181 | D        | Killed a hellion
   195 | D        | Killed a white draconian scorcher
   207 | D        | Reached XP level 2. HP: 15/15 MP: 7/7
   223 | D        | Learned a level 2 spell: Searing Ray
   224 | D        | Killed a yaktaur
   225 | D        | Killed a yaktaur
   255 | D        | Killed a white draconian scorcher
   271 | D        | Gained mutation: You are partially covered in molten
                  | scales. (AC +2) [potion of mutation]
   271 | D        | Gained mutation: You can translocate small distances at
                  | will. [potion of mutation]
   271 | D        | Gained mutation: You are mostly covered in molten scales.
                  | (AC +3) [potion of mutation]
   334 | D        | Reached skill level 6 in Conjurations
   334 | D        | Reached XP level 3. HP: 19/19 MP: 1/10
   412 | D        | Noticed a water elemental
   417 | D        | Slain by a water elemental

Levels and vault maps discovered:
D:        dungeon_sprint_mu [sprint_mu_entry_forest, sprint_mu_temple_rooms,
          sprint_mu_d1_spiders, sprint_mu_d2_genie, sprint_mu_d3_branching,
          sprint_mu_orc_legion, sprint_mu_elf_gauntlet, sprint_mu_hive_nellie,
          sprint_mu_lair_fedhas, sprint_mu_vaults_butterflies,
          sprint_mu_slime_circle, sprint_mu_shoals_archi,
          sprint_mu_snake_twists, sprint_mu_blade_basic, sprint_mu_crypt_lich,
          sprint_mu_tomb_spiral, sprint_mu_vestibule_basic,
          sprint_mu_gehenna_hellfire, sprint_mu_dis_giant,
          sprint_mu_tartarus_statrot, sprint_mu_cocytus_islands, sprint_mu_zot1]

Skill      XL: |  1  2 |
---------------+-------+-----
Spellcasting   | 3 4 |  4.9
Conjurations   | 6 |  6.9
Dodging        | |  2.1
Stealth        | |  2.0

Action                   || total
-------------------------++-------
Melee: Unarmed           ||    10
       Kick              ||     3
 Cast: Magic Dart        ||     4
       Searing Ray       ||     4
  Use: Potion            ||     1
 Stab: Sleeping          ||     1
Armor: Robe              ||     2
Dodge: Dodged            ||     8

Table legend:
 A = Non-vault XP
 B = Vault XP
 C = Vault XP percentage of total XP
 D = Non-vault monster count
 E = Vault monster count
 F = Vault count percentage of total count
                 A         B        C        D         E       F
            +---------+---------+-------+---------+---------+-------
      Total |       0 |      41 | 100.0 |       0 |       6 | 100.0
            +---------+---------+-------+---------+---------+-------
          D |       0 |      41 | 100.0 |       0 |       6 | 100.0
            +---------+---------+-------+---------+---------+-------
